 Dungeon Crawl Stone Soup version 0.14-a0-1765-g49ce880 (webtiles) character file.

591 Nicoed the Covered (level 7, -1/54 HPs)
             Began as a Human Fighter on Jan 5, 2014.
             Slain by Pikel
             ... wielding a +0,+2 whip of electrocution
              (18 damage)
             ... on Level 5 of the Dungeon.
             The game lasted 00:13:40 (3451 turns).

Nicoed the Covered (Human Fighter)                  Turns: 3451, Time: 00:13:40

HP  -1/54        AC 17     Str 15      XL: 7   Next:  5%
MP   7/7         EV  7     Int  8      God:
Gold 209         SH 18     Dex 13      Spells:  0 memorised,  6 levels left

rFire  x . .     SeeInvis .     r - +2 orc hand axe
rCold  + . .     Clarity  .     v - +3 dwarf ring mail
rNeg   . . .     Conserve .     c - +0 shield
rPois  .         rCorr    .     p - +0 helmet
rElec  .         rRot     .     j - +0 cloak
SustAb . .       Spirit   .     z - +5 pair of gloves of the Imp {Str-3 Dam+2}
rMut   .         Warding  .     (no boots)
Saprov . . .     Stasis   .     (no amulet)
                                (no ring)
                                k - ring of ice

@: slightly resistant to hostile enchantments, extremely unstealthy
A: no striking features
a: no special abilities


You were on level 5 of the Dungeon.
You were not hungry.

You visited 1 branch of the dungeon, and saw 5 of its levels.

You collected 209 gold pieces.

Inventory:

Hand weapons
 r - a +2,+2 orcish hand axe (weapon)
 y - a +1,+1 dwarven battleaxe
Armour
 c - a +0 shield (worn)
 j - a +0 cloak (worn)
 p - a +0 helmet (worn)
 v - a +3 dwarven ring mail (worn)
 z - the +5 pair of gloves of the Imp (worn) {Str-3 Dam+2}
   (You found it on level 4 of the Dungeon)

   It affects your strength (-3).
   It affects your damage-dealing abilities (+2).
Comestibles
 h - 3 meat rations
 q - an apple
 t - 2 bread rations
Scrolls
 e - a scroll of enchant armour
 i - 2 scrolls of remove curse
 n - a scroll of fear
 o - 3 scrolls of magic mapping {unknown}
 w - a scroll of identify
 x - a scroll of amnesia {unknown}
Jewellery
 a - a +2 ring of dexterity {unknown}
 k - a ring of ice (left hand)
Potions
 b - a potion of brilliance {unknown}
 d - a potion of paralysis {unknown}
 f - a potion of speed {unknown}
 g - 4 potions of curing
 l - 2 potions of resistance
 m - a potion of invisibility {unknown}
 s - a potion of degeneration {unknown}
 u - 2 potions of restore abilities


   Skills:
 + Level 4.0 Fighting
 + Level 3.5 Axes
 + Level 4.2 Armour
 + Level 2.8 Dodging
 + Level 4.2 Shields


You had 6 spell levels left.
You didn't know any spells.

Dungeon Overview and Level Annotations

Branches:
Dungeon (5/16)
 Temple: D:4-7

Altars:
Ashenzari

Annotations:
D:5 Pikel


Message History

Pikel is almost dead.
Pikel hits you but does no damage.
Unknown command.
You closely miss Pikel.
Pikel is almost dead.
Pikel closely misses you.
Unknown command.
You barely miss Pikel.
Pikel is almost dead.
Pikel hits you but does no damage.
Unknown command.
You barely miss Pikel.
Pikel is almost dead.
You block Pikel's attack.
Unknown command.
You completely miss Pikel.
Pikel is almost dead.
Pikel hits you with a whip of electrocution.
You are electrocuted!
You die...

...##.##.#.####
#....##.##.#.#..#
#....##.##.#.#..#
###..........#.#..#+#<
.............#<.......
............#........
#.........#........ .
#........(#........ ..#
#.@.))..(.#........ ###..
##K#.#.##)#%.......
#⌠.#.+##@l#....#))(.......
#......@@@#....###........
##......z#####.# #..(.....
#.......# .# #########
+..._...'@..'..
.........#...#.#
##.......##.##.


You could see Pikel, 4 slaves, a giant frog zombie and a giant newt.

Vanquished Creatures
  A water moccasin zombie (D:5)
  2 orc priests (D:3)
  2 worker ants (D:4)
  An orc wizard (D:4)
  Ijyb (D:2)
  3 gnolls (D:5)
  3 adders
  2 giant mites
  4 worms
  An adder skeleton (D:5)
  4 giant geckos
  2 oozes
  12 orcs
  4 bats
  2 giant cockroaches
  9 hobgoblins
  8 jackals
  A ball python (D:4)
  5 giant newts
  15 goblins
  6 kobolds
  An orc skeleton (D:4)
  8 rats
97 creatures vanquished.

Notes
Turn   | Place    | Note
--------------------------------------------------------------
     0 | D:1      | Nicoed, the Human Fighter, began the quest for the Orb.
     0 | D:1      | Reached XP level 1. HP: 18/18 MP: 1/1
   171 | D:1      | Reached XP level 2. HP: 20/24 MP: 2/2
   461 | D:1      | Reached XP level 3. HP: 6/29 MP: 3/3
   479 | D:1      | Reached skill level 1 in Dodging
  1168 | D:2      | Noticed Ijyb
  1178 | D:2      | Reached XP level 4. HP: 25/35 MP: 4/4
  1201 | D:2      | Killed Ijyb
  1775 | D:3      | Reached XP level 5. HP: 30/41 MP: 5/5
  2543 | D:4      | Reached XP level 6. HP: 42/48 MP: 6/6
  2616 | D:4      | Reached skill level 4 in Armour
  2980 | D:4      | Got a pair of dazzling gloves
  2983 | D:4      | Identified the +5 pair of gloves of the Imp {Str-3 Dam+2} (You found it on level 4 of the Dungeon)
  3314 | D:5      | Entered Level 5 of the Dungeon
  3353 | D:5      | Found a shattered altar of Ashenzari.
  3405 | D:5      | Reached XP level 7. HP: 36/54 MP: 7/7
  3420 | D:5      | Noticed Pikel
  3420 | D:5      | Noticed a slave
  3420 | D:5      | Noticed a slave
  3420 | D:5      | Noticed a slave
  3421 | D:5      | Noticed a slave
  3451 | D:5      | Slain by Pikel

Action                   |  1- 3 |  4- 6 |  7- 9 || total
-------------------------+-------+-------+-------++-------
Melee: Hand axe          |   127 |   294 |    28 ||   449
       Battleaxe         |       |     2 |       ||     2
  Use: Potion            |     2 |     3 |     1 ||     6
       Scroll            |       |     8 |       ||     8
